[Event "Titled Tuesday Blitz April 4 Early 2023"]
[White "Yeletsky, Ivan"]
[Black "Janaszak, Dawid"]
[WhiteFideId "24180327"]
[BlackFideId "1119206"]
[WhiteElo "2422"]
[BlackElo "2220"]
[Result "1-0"]
[Round "10"]
[TimeControl "180+2"]
[Date "2023.04.04"]
[WhiteClock "0:00:17"]
[BlackClock "0:00:07"]

1. d4 Nf6 2. c4 e6 3. Nc3 Bb4 4. Qc2 d5 5. Nf3 O-O 6. Bg5 h6 7. Bxf6 Qxf6 8. a3 Bxc3+ 9. Qxc3 dxc4 10. Qxc4 b6 11. Qxc7 Ba6 12. e3 Rc8 13. Qe5 Bxf1 14. Qxf6 gxf6 15. Kxf1 Rc2 16. Rb1 Nd7 17. Ne1 Rd2 18. Nf3 Rc2 19. g3 Rac8 20. Kg2 b5 21. Rhd1 Nb6 22. Ne1 R2c6 23. Nd3 Na4 24. Rd2 a5 25. Rbd1 Kf8 26. Kf3 Kg7 27. b3 Nb6 28. Nc5 f5 29. h3 R8c7 30. g4 fxg4+ 31. hxg4 Nd7 32. Nxd7 Rxd7 33. d5 exd5 34. Rxd5 Rb7 35. R1d3 Rbb6 36. Kg3 Rc1 37. a4 bxa4 38. bxa4 Rg1+ 39. Kf3 Rf6+ 40. Rf5 Rxf5+ 41. gxf5 Ra1 42. Rd4 Kf6 43. Kf4 Ra2 44. f3 Ra3 45. e4 h5 46. e5+ Ke7 47. f6+ Ke8 48. Rc4 Kd7 49. Rd4+ Ke8 50. Rd6 Rxa4+ 51. Kf5 h4 52. Ra6 h3 53. Ra8+ Kd7 54. Rh8 Ra3 55. Rxh3 a4 56. Rh7 Rxf3+ 57. Ke4 Rf1 58. Rxf7+ Kc6 59. Ra7 Kb5 60. Kd5 Kb4 61. f7 a3 62. e6 Rd1+ 63. Ke5 Re1+ 64. Kf6 Rf1+ 65. Ke7 1-0


[Site "https://www.chess.com"]

[Event "Titled Tuesday Blitz April 4 Early 2023"]
[White "Zhao, Jun"]
[Black "Gontcharov, Vladislav"]
[WhiteFideId "8602522"]
[BlackFideId "4123492"]
[WhiteElo "2547"]
[BlackElo "2420"]
[Result "1-0"]
[Round "10"]
[TimeControl "180+2"]
[Date "2023.04.04"]
[WhiteClock "0:00:24"]
[BlackClock "0:00:01"]

1. e4 e6 2. d4 d5 3. Nc3 Bb4 4. e5 c5 5. a3 Bxc3+ 6. bxc3 Ne7 7. Nf3 Qa5 8. Bd2 Bd7 9. Be2 Ba4 10. O-O c4 11. Ng5 Nbc6 12. Bh5 g6 13. Bg4 Nf5 14. Bxf5 exf5 15. e6 fxe6 16. Nxe6 Kf7 17. Ng5+ Kg7 18. Nf3 Rhe8 19. Ne5 Nxe5 20. dxe5 Rxe5 21. Be3 Kg8 22. Bd4 Re7 23. Qd2 Rae8 24. h4 Qc7 25. h5 f4 26. hxg6 hxg6 27. Rae1 Rxe1 28. Rxe1 Rxe1+ 29. Qxe1 Kf7 30. Qe2 Qd6 31. Qg4 Qe6 32. Qxf4+ Ke8 33. Qb8+ Kf7 34. Qxb7+ Qd7 35. Qa6 Bxc2 36. Qf6+ Ke8 37. Bc5 Qf7 38. Qc6+ Qd7 39. Qf6 Qf7 40. Qe5+ Kd7 41. Bxa7 Qf5 42. Qg7+ Kc6 43. Bd4 Be4 44. Qg8 Qg4 45. Qa8+ Kd7 46. Qb7+ Ke8 47. Qc6+ Kf7 48. Qf6+ Ke8 49. f3 1-0


[Site "https://www.chess.com"]

[Event "Titled Tuesday Blitz April 4 Early 2023"]
[White "Samunenkov, Ihor"]
[Black "Fiorito, Francisco"]
[WhiteFideId "14187086"]
[BlackFideId "180165"]
[WhiteElo "2457"]
[BlackElo "2341"]
[Result "1-0"]
[Round "10"]
[TimeControl "180+2"]
[Date "2023.04.04"]
[WhiteClock "0:00:25"]
[BlackClock "0:00:02"]

1. e4 e5 2. Nf3 Nf6 3. Nxe5 d6 4. Nf3 Nxe4 5. Nc3 Nxc3 6. dxc3 Be7 7. Be3 O-O 8. Qd2 Nd7 9. O-O-O Nf6 10. Bd3 c5 11. Ng5 h6 12. h4 d5 13. f3 Qa5 14. Kb1 b5 15. g4 c4 16. Bf5 b4 17. Bd4 Bxf5 18. gxf5 Rfb8 19. Rdg1 bxc3 20. Bxc3 Qa3 21. Ne6 fxe6 22. Qxh6 Bf8 23. Qxf6 Rb7 24. Qxe6+ Kh8 25. Rxg7 Bxg7 26. Bxg7+ Rxg7 27. bxa3 1-0


[Site "https://www.chess.com"]

[Event "Titled Tuesday Blitz April 4 Early 2023"]
[White "Csonka, Balazs"]
[Black "Orlov, Georgi"]
[WhiteFideId "742910"]
[BlackFideId "2011271"]
[WhiteElo "2404"]
[BlackElo "2578"]
[Result "1-0"]
[Round "10"]
[TimeControl "180+2"]
[Date "2023.04.04"]
[WhiteClock "0:00:02"]
[BlackClock "0:00:04"]

1. e4 d6 2. d4 Nf6 3. f3 c5 4. dxc5 Qa5+ 5. Nc3 Qxc5 6. Qd3 Nc6 7. Be3 Qa5 8. O-O-O Be6 9. Kb1 Rc8 10. Qd2 g6 11. Nge2 Bg7 12. Nf4 O-O 13. Nxe6 fxe6 14. Bc4 Kf7 15. Bb3 Ne5 16. Ne2 Qxd2 17. Bxd2 Nc4 18. Bc1 Nd7 19. c3 b5 20. Nd4 a6 21. Rhf1 Nc5 22. Bc2 e5 23. Nb3 Na4 24. Nd2 Ne3 25. Nb3 Nxf1 26. Rxf1 e6 27. Na5 Nc5 28. Rd1 Rfd8 29. b4 Na4 30. Bxa4 bxa4 31. c4 Rd7 32. a3 Bf6 33. Be3 Bd8 34. c5 Bxa5 35. bxa5 Rb7+ 36. Kc2 dxc5 37. Rd6 Rb3 38. Bc1 Ra8 39. Rc6 Rb5 40. Bd2 Ra7 41. Bc3 Rb3 42. Bb2 Rab7 43. Bc1 Ra7 44. Rxc5 Rb5 45. Rc6 Rxa5 46. Bd2 Rb5 47. Bb4 a5 48. Bc3 Rab7 49. g4 Rb3 50. Bxe5 Rxf3 51. h4 Rxa3 52. h5 Re3 53. Rc8 gxh5 54. gxh5 Rxe4 55. Ba1 a3 56. Rh8 Reb4 57. Rxh7+ Kf8 58. Rh8+ Ke7 59. h6 Kd6 60. h7 Rh4 61. Rd8+ Kc6 62. h8=Q Rxh8 63. Rxh8 Kd5 64. Rh5+ Kc4 65. Rxa5 Rh7 66. Ra4+ Kd5 67. Rxa3 Rh2+ 68. Kb1 Rh1+ 69. Ka2 Rh2+ 70. Bb2 Kd6 71. Ra6+ Kd5 72. Ra5+ Kd6 73. Kb3 Rh3+ 74. Bc3 Rf3 75. Kc4 Ke7 76. Ra7+ Kd6 77. Ra6+ Ke7 78. Be5 Kf7 79. Kd4 Rf1 80. Ke4 Re1+ 81. Kf4 Rf1+ 82. Kg4 Rf5 83. Ra7+ Kg6 84. Bf4 Rd5 85. Ra6 Kf6 86. Bg3 Kg6 87. Rxe6+ Kf7 88. Re3 Rd4+ 89. Kf5 Rd5+ 90. Be5 Rd1 91. Rh3 Rf1+ 92. Bf4 Rg1 93. Ra3 Rd1 94. Ra7+ Ke8 95. Ke6 Kf8 96. Be5 Kg8 97. Rg7+ Kf8 98. Rg4 Re1 99. Rb4 Kg8 100. Rh4 1-0


[Site "https://www.chess.com"]

[Event "Titled Tuesday Blitz April 4 Early 2023"]
[White "Bruedigam, Martin"]
[Black "Kowalczyk, Pawel"]
[WhiteFideId "24608033"]
[BlackFideId "1130641"]
[WhiteElo "2331"]
[BlackElo "2324"]
[Result "1/2-1/2"]
[Round "10"]
[TimeControl "180+2"]
[Date "2023.04.04"]
[WhiteClock "0:01:02"]
[BlackClock "0:01:36"]

1. d4 c5 2. d5 Nf6 3. c4 b5 4. cxb5 a6 5. bxa6 Bxa6 6. Nc3 d6 7. e4 Bxf1 8. Kxf1 g6 9. Nge2 Bg7 10. h3 O-O 11. Kg1 Na6 12. Kh2 Qa5 13. Bd2 Rfb8 14. b3 Qb6 15. Rf1 Nd7 16. Na4 Qb7 17. Bc3 Nb4 18. Bxg7 Kxg7 19. Qd2 Nf6 20. f3 Nd7 21. Rfc1 Kg8 22. Ng3 Nb6 23. Nxb6 Qxb6 24. Nf1 Ra3 25. Ne3 Qa6 26. Nc2 Nxc2 27. Rxc2 Rbxb3 28. axb3 Rxa1 29. b4 cxb4 30. Qxb4 Qf1 31. Qb8+ Kg7 32. Qb2+ f6 33. Qb7 Qg1+ 34. Kg3 Qe1+ 35. Kh2 Qg1+ 36. Kg3 Kf7 37. Rc7 Qe1+ 38. Kh2 Qg1+ 39. Kg3 Qe1+ 40. Kh2 Qg1+ 41. Kg3 1/2-1/2


[Site "https://www.chess.com"]

[Event "Titled Tuesday Blitz April 4 Early 2023"]
[White "Kosteniuk, Alexandra"]
[Black "Gurevich, Dmitry"]
[WhiteFideId "4128125"]
[BlackFideId "2000407"]
[WhiteElo "2453"]
[BlackElo "2506"]
[Result "1-0"]
[Round "10"]
[TimeControl "180+2"]
[Date "2023.04.04"]
[WhiteClock "0:00:15"]
[BlackClock "0:00:03"]

1. e4 c5 2. c3 d5 3. exd5 Qxd5 4. d4 Nf6 5. Nf3 e6 6. Be2 Be7 7. O-O Nc6 8. c4 Qd8 9. dxc5 Qxd1 10. Rxd1 Bxc5 11. Nc3 O-O 12. a3 a5 13. Bf4 h6 14. h3 Re8 15. Na4 Ba7 16. Bc7 e5 17. Nb6 Bxb6 18. Bxb6 e4 19. Nd2 Be6 20. Nb3 Ra6 21. Be3 Raa8 22. Nc5 Bc8 23. Na4 Be6 24. Rab1 Ne5 25. Nb6 Rad8 26. Bd2 a4 27. Bc3 Nd3 28. f3 Nf4 29. Kf2 Nxe2 30. Rxd8 Rxd8 31. Kxe2 exf3+ 32. Kxf3 Bf5 33. Re1 Bc2 34. Bxf6 gxf6 35. Nd5 Kg7 36. Re7 Bb3 37. Ne3 b6 38. g4 Rd2 39. Nf5+ Kg6 40. Re8 Rxb2 41. Rg8+ Kh7 42. Rg7+ Kh8 43. Rxf7 Bxc4 44. Rxf6 Rb3+ 45. Kf4 b5 46. Rxh6+ Kg8 47. g5 Rxa3 48. g6 Ra1 49. g7 Kf7 50. Rh8 Kf6 51. Rf8+ Kg6 52. g8=Q+ Bxg8 53. Rxg8+ Kf7 54. Ra8 1-0


[Site "https://www.chess.com"]

[Event "Titled Tuesday Blitz April 4 Early 2023"]
[White "Manukyan, Sargis A."]
[Black "Krsnik Cohar, Ivan Vihor"]
[WhiteFideId "13303970"]
[BlackFideId "14520044"]
[WhiteElo "2187"]
[BlackElo "2414"]
[Result "1-0"]
[Round "10"]
[TimeControl "180+2"]
[Date "2023.04.04"]
[WhiteClock "0:01:17"]
[BlackClock "0:00:01"]

1. d4 Nf6 2. c4 e6 3. Nc3 Bb4 4. a3 Bxc3+ 5. bxc3 b6 6. e3 Bb7 7. f3 O-O 8. Bd3 d5 9. cxd5 exd5 10. Ne2 c5 11. O-O Re8 12. Ra2 Nc6 13. g4 Na5 14. Ng3 Rc8 15. Rg2 cxd4 16. cxd4 Nc4 17. g5 Nd7 18. Nf5 Nf8 19. f4 Rc7 20. h4 Bc8 21. Qf3 Bxf5 22. Bxf5 b5 23. h5 a5 24. g6 fxg6 25. hxg6 h6 26. Bd3 b4 27. axb4 axb4 28. f5 b3 29. f6 gxf6 30. g7 Rxg7 31. e4 dxe4 32. Bxc4+ Kh8 33. Qf4 Qxd4+ 34. Be3 Qxc4 35. Qxh6+ Kg8 36. Qxg7# 1-0


[Site "https://www.chess.com"]

[Event "Titled Tuesday Blitz April 4 Early 2023"]
[White "TheKnightOfBosnia"]
[Black "Domingo Nunez, Alejandro"]
[BlackFideId "22245561"]
[WhiteElo "2513"]
[BlackElo "2291"]
[Result "0-1"]
[Round "10"]
[TimeControl "180+2"]
[Date "2023.04.04"]
[WhiteClock "0:00:04"]
[BlackClock "0:00:08"]

1. e4 g6 2. d4 Bg7 3. Nf3 c6 4. h3 d5 5. e5 f6 6. exf6 Nxf6 7. Bf4 O-O 8. Nbd2 Nbd7 9. c3 Nh5 10. Be3 e5 11. dxe5 Nxe5 12. Nxe5 Bxe5 13. Nf3 Bg7 14. Bd3 Nf4 15. Bxf4 Rxf4 16. O-O Qf6 17. Nd2 Qg5 18. Kh2 Be5 19. Kh1 Qh6 20. Qe2 Bd6 21. Qe3 Bd7 22. Nf3 Re8 23. Qd2 Bxh3 24. Nh2 Bxg2+ 25. Kxg2 Rg4+ 26. Nxg4 Qxd2 27. Nf6+ Kf7 28. Nxe8 Qg5+ 29. Kf3 Qh5+ 30. Ke3 Kxe8 31. Rae1 Kd7 32. Kd2 Bf4+ 33. Kc2 Qf3 34. Be2 Qh3 35. Rh1 Qf5+ 36. Bd3 Qf7 37. f3 h5 38. Re2 g5 39. Rhe1 h4 40. Re7+ Qxe7 41. Bf5+ Kd6 42. Rxe7 Kxe7 43. Kd3 Kd6 44. Bg4 b6 45. c4 Kc5 46. cxd5 cxd5 47. a3 a5 48. Kc3 d4+ 49. Kd3 Bc1 50. Kc2 Be3 51. Kd3 Kb5 52. b3 Kc5 53. a4 Kb4 54. Be6 Ka3 55. Kc2 Kb4 56. Bh3 b5 57. axb5 Kxb5 58. Bd7+ Kb4 59. Be6 Ka3 60. Bh3 Bf2 61. Bd7 Be3 62. Be6 Kb4 63. Bd7 Kc5 64. Kd3 Kd6 65. Bh3 Ke5 66. Bg4 Kf4 0-1


[Site "https://www.chess.com"]

[Event "Titled Tuesday Blitz April 4 Early 2023"]
[White "Bodnaruk, Anastasia"]
[Black "Shvedova, Alexandra"]
[WhiteFideId "4181751"]
[BlackFideId "54154782"]
[WhiteElo "2310"]
[BlackElo "2057"]
[Result "1-0"]
[Round "10"]
[TimeControl "180+2"]
[Date "2023.04.04"]
[WhiteClock "0:00:40"]
[BlackClock "0:00:33"]

1. e4 e5 2. Nf3 Nc6 3. Bb5 Nf6 4. d3 d6 5. c3 g6 6. O-O Bg7 7. Re1 O-O 8. d4 Qe7 9. Bxc6 bxc6 10. dxe5 dxe5 11. Nbd2 Ba6 12. c4 Rfd8 13. Qa4 Bb7 14. b3 Nd7 15. Ba3 c5 16. Qa5 Bf8 17. Nb1 Nb6 18. Nc3 f5 19. Nd5 Nxd5 20. exd5 e4 21. Nd4 Qe5 22. Ne6 Bd6 23. f4 Qf6 24. Bxc5 Re8 25. Bd4 Qf7 26. c5 Bf8 27. Nxc7 Bxd5 28. Nxa8 Bxa8 29. Rac1 Qd5 30. Be3 Bc6 31. Red1 Qf7 32. Qa6 Kg7 33. Qxc6 1-0


[Site "https://www.chess.com"]

[Event "Titled Tuesday Blitz April 4 Early 2023"]
[White "a-z30"]
[Black "Sokolovsky, Yahli"]
[BlackFideId "2820242"]
[WhiteElo "2460"]
[BlackElo "2316"]
[Result "1-0"]
[Round "10"]
[TimeControl "180+2"]
[Date "2023.04.04"]
[WhiteClock "0:00:14"]
[BlackClock "0:00:23"]

1. d3 d5 2. Nf3 c5 3. g3 Nc6 4. Bg2 Nf6 5. O-O e5 6. c4 d4 7. e3 Be7 8. exd4 exd4 9. Bf4 O-O 10. Ne5 Nxe5 11. Bxe5 Bd6 12. Bxf6 Qxf6 13. Nd2 Rb8 14. Ne4 Qg6 15. Re1 Bf5 16. Nxd6 Qxd6 17. Be4 Bxe4 18. Rxe4 Rfe8 19. Qe2 Qc6 20. Re1 Rxe4 21. Qxe4 Qxe4 22. Rxe4 Kf8 23. b4 b6 24. bxc5 bxc5 25. Re5 Rc8 26. Kg2 Rc6 27. a4 f6 28. Rd5 Ke7 29. a5 Ke6 30. g4 g6 31. Kf3 Rc8 32. h4 Ke7 33. Kf4 Ke6 34. f3 Rc6 35. Ke4 Rc8 36. f4 Rc6 37. f5+ gxf5+ 38. Rxf5 Rc8 39. Rh5 Rc7 40. Kf4 Kd6 41. Kf5 Rf7 42. Rh6 Ke7 43. Ke4 Rg7 44. Kf4 Kf7 45. Rh5 Kg6 46. Rxc5 Re7 47. Rd5 Re1 48. Rxd4 Ra1 49. Rd5 Rf1+ 50. Ke4 Rg1 51. g5 f5+ 52. Kd4 f4 53. Rd6+ Kf5 54. Rf6+ Kg4 55. c5 Rd1 56. c6 f3 57. Ke3 Re1+ 58. Kd4 Rd1 59. Ke4 Re1+ 60. Kd5 Kg3 61. d4 f2 62. c7 Rc1 63. Kd6 Rc3 64. d5 Rf3 65. Rxf3+ Kxf3 66. c8=Q f1=Q 67. Qf8+ Kg2 68. Qxf1+ Kxf1 69. Ke5 h6 70. d6 hxg5 71. d7 gxh4 72. d8=Q h3 73. Qh4 Kg2 74. Qxh3+ Kxh3 75. Kd5 Kg4 76. Kc6 Kf5 77. Kb7 Ke6 78. Kxa7 Kd6 79. Kb7 Kc5 80. a6 Kb5 81. a7 Kc5 82. a8=Q Kc4 83. Qc8+ Kd4 84. Qc6 Ke3 85. Kb6 Kf2 86. Kc5 Ke3 87. Kc4 Kf2 88. Qd5 Ke3 89. Qd4+ Ke2 90. Kc3 Kf1 91. Kd3 Ke1 92. Qe3+ Kf1 93. Qd2 Kg1 94. Ke3 Kh1 95. Kf3 1-0


[Site "https://www.chess.com"]

[Event "Titled Tuesday Blitz April 4 Early 2023"]
[White "Guzman Moneo, Alberto"]
[Black "Seemann, Jakub"]
[WhiteFideId "2209616"]
[BlackFideId "21874697"]
[WhiteElo "2157"]
[BlackElo "2364"]
[Result "1/2-1/2"]
[Round "10"]
[TimeControl "180+2"]
[Date "2023.04.04"]
[WhiteClock "0:00:09"]
[BlackClock "0:00:08"]

1. e4 e5 2. Nf3 Nc6 3. Bc4 Nf6 4. Ng5 Bc5 5. Bxf7+ Ke7 6. Bc4 Qe8 7. Nc3 d6 8. O-O h6 9. Nf3 Qg6 10. Nd5+ Nxd5 11. exd5 Nd4 12. Nxd4 Bxd4 13. c3 Bb6 14. d4 e4 15. f3 Bh3 16. Qc2 Kd7 17. fxe4 h5 18. Bb5+ c6 19. dxc6+ bxc6 20. Bd3 Raf8 21. Bf4 c5 22. e5 Bf5 23. Bxf5+ Rxf5 24. Qa4+ Kd8 25. Qc6 Rhf8 26. Qa8+ Kd7 27. Qb7+ Kd8 28. Qb8+ Kd7 29. Qb7+ Kd8 30. e6 Qxe6 31. Bg5+ R5f6 32. Bxf6+ gxf6 33. Rae1 Qd7 34. Qa8+ Qc8 35. Qxc8+ Kxc8 36. dxc5 Bxc5+ 37. Kh1 Kd7 38. b4 Bb6 39. Rf5 h4 40. Ref1 Ke6 41. h3 d5 42. R5f4 Rc8 43. R1f3 f5 44. Rxf5 Bc7 45. Rf6+ Ke7 46. Rf7+ Ke6 47. Rf8 Bd8 48. Re3+ Kd7 49. Rf7+ Kd6 50. Rf1 Bb6 51. Rd3 Rc4 52. Rfd1 d4 53. cxd4 Rxb4 54. d5 a5 55. a3 Ra4 56. R1d2 Bc5 57. Rc2 Re4 58. Rc1 a4 59. Rcd1 Re8 60. Rf3 Rb8 61. Rf6+ Kd7 62. Rh6 Bd6 63. Rxh4 Kc8 64. Rxa4 Kd7 65. Rc4 Rb3 66. Rcd4 Rxa3 67. R4d3 Ra2 68. R3d2 Ra3 69. Rd3 Ra2 70. h4 Ra4 71. g3 Ra2 72. R1d2 Ra1+ 73. Kg2 Ra4 74. Kh3 Ke7 75. Rf3 Rc4 76. Re2+ Kd7 77. Rf5 Rd4 78. Rg2 Rd3 79. h5 Rd1 80. Kg4 Rh1 81. Rf7+ Ke8 82. Rf6 Ke7 83. Re6+ Kd7 84. h6 Bc5 85. Rc2 Bd4 86. Ra2 Kc7 87. Raa6 Kd7 88. Rac6 Bb2 89. Rg6 Ke7 90. Ra6 Kf7 91. Ra7+ Kxg6 92. h7 Rxh7 93. Rxh7 Kxh7 94. Kf5 Kg7 95. Ke6 Kf8 96. g4 Ke8 97. g5 Kd8 98. g6 Ba1 99. Kf7 Kd7 100. g7 Bxg7 101. Kxg7 Kd6 102. Kg6 Kxd5 1/2-1/2


[Site "https://www.chess.com"]

[Event "Titled Tuesday Blitz April 4 Early 2023"]
[White "Pakleza, Zbigniew"]
[Black "Vakhidov, Shahzod"]
[WhiteFideId "1119290"]
[BlackFideId "14205270"]
[WhiteElo "2410"]
[BlackElo "2212"]
[Result "1/2-1/2"]
[Round "10"]
[TimeControl "180+2"]
[Date "2023.04.04"]
[WhiteClock "0:00:03"]
[BlackClock "0:00:04"]

1. d4 Nf6 2. Nf3 g6 3. Bf4 Bg7 4. e3 d6 5. h3 O-O 6. Be2 c5 7. c3 Qb6 8. Qb3 Be6 9. Qxb6 axb6 10. a3 Bd5 11. Nbd2 Nbd7 12. O-O Bc6 13. Bg3 b5 14. Bd3 Nh5 15. Bh2 e5 16. Rfd1 f5 17. d5 Bxd5 18. Bxb5 Nb6 19. Nf1 Kh8 20. c4 Bxf3 21. gxf3 Rfd8 22. Rd2 Kg8 23. Rad1 Nc8 24. b4 b6 25. bxc5 bxc5 26. a4 Kf7 27. Ng3 Nf6 28. Ne2 Ke7 29. Bxe5 Ne8 30. Bxg7 Nxg7 31. Nc3 Nb6 32. f4 Nh5 33. Rb1 Nf6 34. Bc6 Nxc4 35. Rdd1 Rab8 36. Nd5+ Nxd5 37. Bxd5 Na5 38. Kg2 Kd7 39. f3 Kc7 40. e4 fxe4 41. fxe4 Rb4 42. Ra1 Rf8 43. Rf1 Rb2+ 44. Kg3 Rc2 45. Rac1 Rd2 46. Rcd1 Rc2 47. Rc1 Rb2 48. h4 Rfb8 49. h5 Nb3 50. hxg6 hxg6 51. Rcd1 Nd4 52. Rf2 Rxf2 53. Kxf2 Rb2+ 54. Kg3 Rb4 55. a5 Ra4 56. Kg4 Rxa5 57. Kg5 Ne2 58. Rf1 c4 59. Kxg6 c3 60. Bc4 Nd4 61. Rc1 Rc5 62. Rxc3 Ne2 63. Bxe2 Rxc3 64. Bg4 Kd8 65. f5 Ke7 66. f6+ Kf8 67. Bf5 Rc5 68. Be6 Re5 69. Bd5 Re8 70. Kf5 Re5+ 71. Kg6 Re8 72. f7 Re5 73. Kf6 Re7 74. Be6 Rc7 75. Bd5 Re7 76. Kf5 Re5+ 77. Kf6 Re7 1/2-1/2


[Site "https://www.chess.com"]

[Event "Titled Tuesday Blitz April 4 Early 2023"]
[White "Hirneise, Jens"]
[Black "Weetik, Vjacheslav"]
[WhiteFideId "24614734"]
[BlackFideId "4153472"]
[WhiteElo "2345"]
[BlackElo "2469"]
[Result "1/2-1/2"]
[Round "10"]
[TimeControl "180+2"]
[Date "2023.04.04"]
[WhiteClock "0:00:03"]
[BlackClock "0:00:12"]

1. Nf3 Nf6 2. c4 e6 3. Nc3 d5 4. d4 Be7 5. g3 O-O 6. Bg2 c6 7. cxd5 exd5 8. O-O Re8 9. Bg5 h6 10. Bxf6 Bxf6 11. e3 Bf5 12. b4 Qd6 13. b5 c5 14. Ne5 Be6 15. f4 cxd4 16. Qxd4 Nd7 17. Nxd5 Bxd5 18. Qxd5 Qxd5 19. Bxd5 Nxe5 20. fxe5 Rxe5 21. Bxb7 Rb8 22. Bc6 Rexb5 23. Rxf6 gxf6 24. Bxb5 Rxb5 25. Rf1 Kg7 26. Rf4 f5 27. Ra4 a5 28. Kg2 Kf6 29. Kf3 Ke5 30. a3 Rc5 31. Rh4 Rc3 32. Rxh6 Rxa3 33. Ra6 Ra1 34. h4 a4 35. h5 Rh1 36. Rxa4 Rxh5 37. Ra5+ Kf6 38. Kf4 Kg6 39. g4 Rh4 40. Rxf5 Rh1 41. Kg3 Rg1+ 42. Kf3 Rf1+ 43. Ke4 Rg1 44. Rf4 f6 45. Kf3 Rf1+ 46. Kg3 Re1 47. Kf2 Ra1 48. Rd4 Ra2+ 49. Kf3 Ra1 50. Rd2 Rf1+ 51. Rf2 Ra1 52. Rg2 Rf1+ 53. Rf2 Rb1 54. Kf4 Rb4+ 55. e4 Rb3 56. Rf3 Rb4 57. Rd3 Rb1 58. Rd6 Rf1+ 59. Kg3 Kg5 60. Rd5+ Kg6 61. Rf5 Re1 62. Kf4 Rf1+ 63. Kg3 Re1 64. Kf4 Rf1+ 65. Kg3 1/2-1/2


[Site "https://www.chess.com"]

[Event "Titled Tuesday Blitz April 4 Early 2023"]
[White "De La Colina, Nicolas"]
[Black "Ordekalog"]
[WhiteFideId "30946921"]
[WhiteElo "2046"]
[BlackElo "2551"]
[Result "1-0"]
[Round "10"]
[TimeControl "180+2"]
[Date "2023.04.04"]
[WhiteClock "0:00:13"]
[BlackClock "0:00:03"]

1. e4 c5 2. Nf3 e6 3. d3 Nc6 4. g3 Be7 5. Bg2 g5 6. h3 d5 7. exd5 exd5 8. d4 Bf5 9. O-O h6 10. dxc5 Qd7 11. g4 Bg6 12. Nc3 O-O-O 13. Re1 Bxc5 14. Nb5 Nge7 15. c3 f6 16. Be3 Bxe3 17. Rxe3 h5 18. Nfd4 Ne5 19. Nxa7+ Kb8 20. Nab5 hxg4 21. hxg4 Nc8 22. Rg3 Qh7 23. Ne6 Qh2+ 24. Kf1 Rd7 25. Nc5 Re7 26. Nd4 Nd6 27. Qa4 Nec4 28. Ndb3 Rhe8 29. Nd7+ Kc7 30. Nxf6 Bd3+ 31. Rxd3 Re2 32. Nxe8+ Kd8 33. Kxe2 Qxg2 34. Nxd6 Qxg4+ 35. Rf3 Nxb2 36. Qxg4 1-0


[Site "https://www.chess.com"]

[Event "Titled Tuesday Blitz April 4 Early 2023"]
[White "Demin, Vladimir"]
[Black "Skvortsov, Andrei"]
[WhiteFideId "4167457"]
[BlackFideId "24108600"]
[WhiteElo "2549"]
[BlackElo "2259"]
[Result "0-1"]
[Round "10"]
[TimeControl "180+2"]
[Date "2023.04.04"]
[WhiteClock "0:00:06"]
[BlackClock "0:01:03"]

1. e4 c6 2. d4 d5 3. e5 Bf5 4. h4 h5 5. Bd3 Bxd3 6. Qxd3 e6 7. Nf3 Qa5+ 8. Nbd2 c5 9. dxc5 Nd7 10. O-O Qc7 11. b4 Nxe5 12. Nxe5 Qxe5 13. Qb5+ Kd8 14. Qxb7 Rb8 15. Qxa7 Rxb4 16. Nf3 Qc7 17. Qa6 Bxc5 18. Bd2 Rb6 19. Qa5 Nf6 20. Qa4 Ke7 21. Rab1 Rxb1 22. Rxb1 Rb8 23. Rxb8 Qxb8 24. Bg5 Kf8 25. Bxf6 gxf6 26. c4 Qb1+ 27. Kh2 Bxf2 28. cxd5 Qb8+ 29. Kh1 exd5 30. Qd1 Bg3 31. a4 Qa8 32. Qd4 Qa6 33. Kg1 Qe2 0-1


[Site "https://www.chess.com"]

[Event "Titled Tuesday Blitz April 4 Early 2023"]
[White "Perez Gormaz, Matias"]
[Black "Eynullayev, Atilla"]
[WhiteFideId "3406342"]
[BlackFideId "13413570"]
[WhiteElo "2362"]
[BlackElo "2181"]
[Result "0-1"]
[Round "10"]
[TimeControl "180+2"]
[Date "2023.04.04"]
[WhiteClock "0:00:17"]
[BlackClock "0:00:02"]

1. e4 c5 2. Nf3 e6 3. g3 Nc6 4. Bg2 d6 5. O-O Nf6 6. Qe2 Be7 7. c3 e5 8. Rd1 O-O 9. d4 cxd4 10. cxd4 Bg4 11. dxe5 Nxe5 12. h3 Bxf3 13. Bxf3 Nxf3+ 14. Qxf3 Qb6 15. Nc3 h6 16. b3 Rac8 17. Bb2 Rfe8 18. Rd3 Qb4 19. Rad1 Bf8 20. Rd4 Qc5 21. Kg2 Qe5 22. R1d2 Qe6 23. Rb4 Rb8 24. Re2 Qd7 25. Rd4 Qc6 26. Rc4 Qd7 27. Rd2 Qe6 28. Rdd4 Rbc8 29. Rb4 b6 30. Rbc4 Rxc4 31. Rxc4 Rc8 32. Rxc8 Qxc8 33. Qd3 Qc6 34. f3 Be7 35. Nb5 a6 36. Nd4 Qb7 37. Nf5 d5 38. exd5 Bd8 39. d6 Qd7 40. g4 Qe6 41. Qxa6 Nd5 42. Qa8 Nf4+ 43. Kg3 Qe1+ 44. Kxf4 g5# 0-1


[Site "https://www.chess.com"]

[Event "Titled Tuesday Blitz April 4 Early 2023"]
[White "Piesik, Piotr"]
[Black "Weishaeutel, Moritz"]
[WhiteFideId "1136194"]
[BlackFideId "12967300"]
[WhiteElo "2299"]
[BlackElo "2301"]
[Result "0-1"]
[Round "10"]
[TimeControl "180+2"]
[Date "2023.04.04"]
[WhiteClock "0:01:26"]
[BlackClock "0:00:58"]

1. Nf3 Nc6 2. g3 e5 3. d3 d5 4. Bg2 f6 5. O-O Be6 6. Nbd2 Qd7 7. e4 d4 8. Nh4 g5 9. Nf5 Nge7 10. f4 gxf4 11. gxf4 O-O-O 12. Nxe7+ Bxe7 13. f5 Bf7 14. Kh1 h5 15. Bf3 h4 16. Nb3 Rdg8 17. Bd2 Qe8 18. Qe2 h3 19. Rg1 Rxg1+ 20. Rxg1 Rg8 21. Rg3 Rxg3 22. hxg3 Nb4 23. Bxb4 Bxb4 24. Kh2 Qa4 25. Nc1 Bxa2 26. c4 Bb1 27. Kxh3 Qc2 28. Qxc2 Bxc2 29. Kg4 Bd2 30. Ne2 Bxd3 31. b3 Bc2 32. Kh5 Bxb3 33. Kg6 Bg5 34. c5 a5 0-1


[Site "https://www.chess.com"]

[Event "Titled Tuesday Blitz April 4 Early 2023"]
[White "Oleksiyenko, Mykhaylo"]
[Black "Forgacs, Attila Jr."]
[WhiteFideId "4152417"]
[BlackFideId "773654"]
[WhiteElo "2551"]
[BlackElo "2168"]
[Result "1-0"]
[Round "10"]
[TimeControl "180+2"]
[Date "2023.04.04"]
[WhiteClock "0:00:17"]
[BlackClock "0:00:19"]

1. e4 e5 2. Nf3 Nc6 3. Nc3 Nf6 4. d4 exd4 5. Nxd4 Bb4 6. Nxc6 bxc6 7. Bd3 O-O 8. O-O d5 9. Bd2 Bxc3 10. Bxc3 dxe4 11. Bxf6 Qxf6 12. Bxe4 Ba6 13. c4 Rad8 14. Qc2 h6 15. Rfd1 Rd6 16. c5 Re6 17. Bf3 Qg5 18. h3 Rfe8 19. Qd2 Qxc5 20. Rac1 Qb6 21. Re1 Rxe1+ 22. Rxe1 Rxe1+ 23. Qxe1 Kf8 24. Qd2 Kg8 25. Qd8+ Kh7 26. Be4+ g6 27. Qf6 Bc4 28. b3 Be6 29. Bxg6+ fxg6 30. Qxe6 Qa5 31. Qf7+ Kh8 32. Qf6+ Kh7 33. Qf7+ Kh8 34. Qxg6 Qe1+ 35. Kh2 Qxf2 36. Qxh6+ Kg8 37. Qg5+ Kh7 38. Qh5+ Kg8 39. Qg4+ Kf8 40. Qf3+ Qxf3 41. gxf3 a5 42. Kg3 c5 43. Kf4 a4 44. bxa4 c4 45. Ke4 c3 46. Kd3 c5 47. Kxc3 c4 48. Kxc4 Ke7 49. h4 Kf6 50. a5 Kf5 51. a6 Kf4 52. a7 Kg3 53. a8=Q Kf2 54. f4 Ke3 55. f5 Kf2 56. f6 Kg3 57. Qe4 Kf2 58. Qd3 Kg2 59. Qe3 Kh2 60. Qf3 Kg1 61. Qe2 Kh1 62. f7 Kg1 63. f8=Q Kh1 64. Qff1# 1-0


[Site "https://www.chess.com"]

[Event "Titled Tuesday Blitz April 4 Early 2023"]
[White "Gold_Ocean"]
[Black "Shevtchenko, Olesya"]
[BlackFideId "24131890"]
[WhiteElo "2636"]
[BlackElo "2003"]
[Result "1-0"]
[Round "10"]
[TimeControl "180+2"]
[Date "2023.04.04"]
[WhiteClock "0:00:03"]
[BlackClock "0:00:04"]

1. d4 Nf6 2. Nf3 e6 3. Bf4 c5 4. e3 d5 5. c3 Bd6 6. dxc5 Bxc5 7. Bd3 Nc6 8. O-O O-O 9. Nbd2 Bd6 10. Bxd6 Qxd6 11. Nb3 e5 12. Bc2 e4 13. Nfd4 Ng4 14. g3 Qh6 15. h4 g5 16. f3 Nxe3 17. Qd2 Nxf1 18. Rxf1 f5 19. fxe4 dxe4 20. Nc5 Qd6 21. Qxg5+ Kh8 22. Nxc6 Qxc5+ 23. Nd4 Bd7 24. Bb3 Rae8 25. Qf4 Qe5 26. Qe3 Re7 27. Ne2 Bb5 28. c4 Bc6 29. Nf4 Rd8 30. Nh5 Rf8 31. c5 Rd7 32. Kh2 Bd5 33. Qh6 Qe7 34. Ba4 Rc7 35. b4 Bxa2 36. g4 Be6 37. g5 Rg8 38. Nf6 Rg6 39. Qh5 Rc8 40. Bc2 Rxf6 41. gxf6 Qxf6 42. Kh1 Rg8 43. Bxe4 Rf8 44. Bf3 Qe5 45. Qg5 Bd5 46. Kg2 Qe2+ 47. Rf2 Bxf3+ 48. Kg3 1-0


[Site "https://www.chess.com"]